 Dungeon Crawl Stone Soup version 0.31-a0-700-gf13585253f (webtiles) character file.

Game seed: 11245269038838941213

2536 qw the Skirmisher (level 9, -5/56 HPs)
             Began as a Gargoyle Hunter on Sept 7, 2023.
             Was a Follower of Okawaru.
             Killed by divine providence
             ... invoked by Jeremiah
              (15 damage)
             ... on level 7 of the Dungeon.
             The game lasted 00:02:46 (5509 turns).

qw the Skirmisher (Gargoyle Hunter)                 Turns: 5509, Time: 00:02:47

Health: -5/56      AC: 12    Str: 14    XL:     9   Next: 55%
Magic:  11/12      EV: 16    Int: 11    God:    Okawaru [*.....]
Gold:   266        SH:  0    Dex: 17    Spells: 8/8 levels left

rFire   + . .        Y - +5 orcbow (freeze)
rCold   . . .        (shield currently unavailable)
rNeg    + . .        l - +0 leather armour {rF+}
rPois   inf          (no helmet)
rElec   +            (no cloak)
rCorr   .            c - +0 pair of gloves
SInv    .            (no boots)
Will    .....        h - amulet of regeneration
Stlth   +++          (no ring)
HPRegen 1.09/turn    (no ring)
MPRegen 0.13/turn

%: no passive effects
@: about to teleport, heroic
A: sickness immunity, AC +6, negative energy resistance 1, electricity
resistance, torment resistance 1, petrification resistance
a: Renounce Religion, Heroism


You were on level 7 of the Dungeon.
You worshipped Okawaru.
Okawaru was aware of your devotion.
You visited 2 branches of the dungeon, and saw 8 of its levels.

You collected 286 gold pieces.
You spent 20 gold pieces at shops.


Innate Abilities, Weirdness & Mutations

You are immune to sickness and miasma.
Your stone body is resilient. (AC +6)
You are immune to poison.
You resist negative energy. (rN+)
You are resistant to electric shocks. (rElec)
You are resistant to unholy torment.
You are immune to petrification.


   Skills:
 + Level 6.6(11.6) Fighting
 - Level 10.1(15.1) Ranged Weapons
 - Level 4.1(9.1) Armour
 - Level 3.1(8.1) Dodging
 - Level 1.1(6.1) Stealth
 - Level 4.0 Invocations


You had 8 spell levels left.
You didn't know any spells.
Your spell library was empty.

Inventory:

Hand Weapons
 Y - a +5 orcbow of freezing (weapon)
Armour
 c - a +0 pair of gloves (worn)
 i - a +0 ring mail
 l - a +0 leather armour of fire resistance (worn)
Jewellery
 h - an amulet of regeneration (around neck)
Scrolls
 d - a scroll of identify
Potions
 a - a potion of mutation
 e - 2 potions of heal wounds
 f - 2 potions of resistance
 g - 2 potions of cancellation
 j - a potion of enlightenment
 k - a potion of ambrosia {unknown}
 m - a potion of attraction {unknown}

Dungeon Overview and Level Annotations

Branches:
Dungeon (7/15)             Temple (1/1) D:4

Altars:
Ashenzari
Dithmenos
Fedhas
Gozag
Makhleb
Okawaru
Qazlal
Sif Muna
Trog
Uskayaw
Vehumet
Xom
Yredelemnul
Zin

Shops:
D:1 ?

Annotations:
D:2 1 runed translucent door, Crazy Yiuf
D:3 2 runed translucent doors, qw's ghost, weakling MiHs
D:7 2 transporters, Jeremiah; qw's ghost, novice GrHu


Message History

You kill the killer bee!
Okawaru accepts your kill.
Jeremiah hops!
The killer bee misses you.
Your base Dodging skill increases to level 3!
You shoot an arrow. The arrow misses the killer bee.
The arrow barely misses the killer bee.
The killer bee closely misses you.
Jeremiah lets out a twisted cry.
Something smites you! The killer bee stings you.
You shoot an arrow. The arrow misses the killer bee.
The arrow hits the killer bee!
The arrow freezes the killer bee.
You kill the killer bee!
Okawaru accepts your kill. The killer bee stings you.
The orc warrior closely misses you.
You shoot an arrow. The arrow hits the killer bee!!
The arrow freezes the killer bee!
You kill the killer bee!
Okawaru accepts your kill. The orc warrior barely misses you.
You shoot an arrow. The arrow hits the killer bee!!
The arrow freezes the killer bee.
You kill the killer bee!
Okawaru accepts your kill.
Jeremiah cries, "Fearful master, protect me!"
Something smites you!
You shoot an arrow. The arrow hits the hornet.
The arrow freezes the hornet.
The hornet is lightly wounded.
The hornet misses you.
The orc warrior hits you from afar with a +0 halberd!
The hornet barely misses you.
5509 ||| READING scroll of teleportation.
As you read the scroll of teleportation, it crumbles to dust.
You feel strangely unstable. The orc warrior misses you.
The hornet stings you but does no damage.
Jeremiah giggles, "Dreams, dreams, come out to play!"
Jeremiah throws their arms up pleadingly.
Something smites you!
You die...
Jeremiah says, "O terrible one, your will is done."

.....b...#. #.....#.......
#....bF.' #.....##....# #<)b..o.
#......#.....# #...K..#
#.###..##....o ...y. #.#### ###
###.# #...###.^. #..#.##..bb###.#
#...# ##....#### ...............#
#.#######.....^.
####.....#.bb.o###.#......[.#....
####.#b.b..oy@#.#.#..###......
#......bb###.#...<###.#.#..
###...#bFb..............#.###
###.......####.######...#......
...........# #.# #.#...#.#.)
####.####### #.# .......#...) #.
#.# ###...#.###.. .. ..# .....#+#
##) .# ... #.#.#.. .)


You could see Jeremiah, a hornet, an orc warrior and an orc.

Vanquished Creatures
  A troll (D:5)
  Grinder (D:4)
  A wyvern (D:6)
  Menkaure (D:6)
  A water moccasin (D:5)
  An orc warrior (D:6)
  A sky beast (D:7)
  2 black bears (D:5)
  A centaur (D:5)
  An ogre (D:5)
  A phantom (D:5)
  A bullfrog (D:6)
  2 scorpions
  5 killer bees (D:7)
  A gnoll bouda (D:7)
  A hound (D:6)
  5 orc priests
  2 iguanas
  A sleepcap (D:5)
  Natasha (thrice) (D:2)
  6 orc wizards
  Terence (D:3)
  5 gnolls (D:7)
  6 adders
  An ufetubus (D:6)
  2 worms
  2 dart slugs
  17 orcs
  3 bats
  3 endoplasms
  4 giant cockroaches
  8 goblins
  10 hobgoblins
  6 jackals
  3 quokkas
  10 ball pythons
  5 frilled lizards
  8 kobolds
  7 rats
140 creatures vanquished.

Notes
Turn   | Place    | Note
-------+----------+-------------------------------------------
     0 | D:1      | qw the Gargoyle Hunter began the quest for the Orb.
     0 | D:1      | Reached XP level 1. HP: 12/12 MP: 1/1
     0 | D:1      | 0 ||| qw: Version: 0.3-a-76-g4403597
     0 | D:1      | 0 ||| qw: Game counter: 573
     0 | D:1      | 0 ||| qw: Melee chars always use a shield: true
     0 | D:1      | 0 ||| qw: God list: Okawaru
     0 | D:1      | 0 ||| qw: Allow faded altars: false
     0 | D:1      | 0 ||| qw: Do Orc after clearing Dungeon:15 true
     0 | D:1      | 0 ||| qw: Do second Lair branch before Depths: true
     0 | D:1      | 0 ||| qw: Lair rune preference: random
     0 | D:1      | 0 ||| qw: Goals: Normal
     0 | D:1      | 0 ||| PLANNING D:1-11
   206 | D:1      | Reached XP level 2. HP: 7/17 MP: 2/2
   498 | D:1      | 498 ||| Stepping ~*~*~tactically~*~*~ (retreating).
   518 | D:1      | Reached XP level 3. HP: 8/21 MP: 3/3
   682 | D:1      | Found Ben Feaha's Magic Scroll Emporium.
   692 | D:1      | 692 ||| BUYING scroll of identify (20 gold).
   692 | D:1      | Bought a scroll of identify for 20 gold pieces
   692 | D:1      | 692 ||| SHOPLISTING scroll of teleportation (30 gold, have
                  | 13).
   945 | D:1      | Reached skill level 5 in Ranged Weapons
  1079 | D:1      | 1079 ||| UPGRADING to +0 ring mail.
  1089 | D:1      | 1089 ||| DROPPING +0 leather armour.
  1090 | D:1      | 1090 ||| UPGRADING to amulet of regeneration.
  1095 | D:1      | 1095 ||| DRINKING 2 white potions.
  1096 | D:1      | 1096 ||| DRINKING 2 sedimented white potions.
  1097 | D:1      | 1097 ||| READING 3 scrolls of identify.
  1097 | D:1      | 1097 ||| IDENTIFYING sedimented silvery potion
  1098 | D:1      | 1098 ||| DROPPING scroll of butterflies.
  1324 | D:2      | Reached skill level 1 in Armour
  1463 | D:2      | Noticed Natasha
  1471 | D:2      | Killed Natasha
  1472 | D:2      | Reached skill level 3 in Fighting
  1472 | D:2      | Reached XP level 4. HP: 28/28 MP: 4/4
  1636 | D:2      | Noticed Natasha
  1642 | D:2      | Killed Natasha
  1825 | D:2      | Noticed Natasha
  1828 | D:2      | 1828 ||| Stepping ~*~*~tactically~*~*~ (retreating).
  1829 | D:2      | 1829 ||| Stepping ~*~*~tactically~*~*~ (retreating).
  1841 | D:2      | Killed Natasha
  1842 | D:2      | Reached XP level 5. HP: 22/32 MP: 5/5
  1862 | D:2      | Found a runed translucent door.
  1863 | D:2      | Noticed Crazy Yiuf
  2218 | D:2      | 2218 ||| DROPPING scarf of invisibility.
  2219 | D:2      | 2219 ||| READING scroll labelled RABASAEPHI.
  2253 | D:2      | 2253 ||| READING 3 scrolls of identify.
  2253 | D:2      | 2253 ||| IDENTIFYING coppery potion
  2515 | D:3      | Reached skill level 6 in Ranged Weapons
  2519 | D:3      | 2519 ||| Stepping ~*~*~tactically~*~*~ (outnumbered).
  2546 | D:3      | 2546 ||| DRINKING potion of curing.
  2546 | D:3      | 2546 ||| (to cure confusion)
  2559 | D:3      | HP: 4/32 [orc wizard/magic dart (6)]
  2563 | D:3      | 2563 ||| READING scroll of teleportation.
  2626 | D:3      | Noticed Terence
  2636 | D:3      | Killed Terence
  2656 | D:3      | Reached XP level 6. HP: 38/38 MP: 6/6
  2664 | D:3      | Found a runed translucent door.
  2670 | D:3      | Noticed qw's ghost (weakling MiHs)
  2757 | D:3      | Found a runed translucent door.
  3125 | D:3      | 3125 ||| UPGRADING to +0 pair of gloves.
  3130 | D:3      | 3130 ||| READING scroll labelled PINENG QUHIUN.
  3131 | D:3      | 3131 ||| DRINKING 2 amethyst potions.
  3132 | D:3      | 3132 ||| READING 3 scrolls of identify.
  3132 | D:3      | 3132 ||| IDENTIFYING murky white potion
  3133 | D:3      | 3133 ||| DROPPING potion of degeneration.
  3161 | D:4      | 3161 ||| STAIRDANCE
  3194 | D:4      | 3194 ||| STAIRDANCE
  3230 | D:4      | 3230 ||| STAIRDANCE
  3232 | D:4      | 3232 ||| STAIRDANCE
  3297 | D:4      | Noticed Grinder
  3298 | D:4      | 3298 ||| STAIRDANCE
  3334 | D:4      | 3334 ||| STAIRDANCE
  3367 | D:4      | 3367 ||| STAIRDANCE
  3408 | D:4      | 3408 ||| Stepping ~*~*~tactically~*~*~ (retreating).
  3409 | D:4      | 3409 ||| Stepping ~*~*~tactically~*~*~ (retreating).
  3410 | D:4      | 3410 ||| Stepping ~*~*~tactically~*~*~ (retreating).
  3411 | D:4      | 3411 ||| Stepping ~*~*~tactically~*~*~ (retreating).
  3441 | D:4      | Reached skill level 7 in Ranged Weapons
  3458 | D:4      | Killed Grinder
  3459 | D:4      | Reached skill level 8 in Ranged Weapons
  3459 | D:4      | Reached XP level 7. HP: 39/43 MP: 7/7
  3546 | D:4      | Found a staircase to the Ecumenical Temple.
  3547 | D:4      | 3547 ||| PLANNING TEMPLE
  3555 | Temple   | Entered the Ecumenical Temple
  3556 | Temple   | 3556 ||| PLANNING OKAWARU WORSHIP
  3572 | Temple   | Became a worshipper of Warmaster Okawaru
  3573 | Temple   | 3573 ||| PLANNING D:1-11
  3876 | D:4      | 3876 ||| READING 2 scrolls of identify.
  3876 | D:4      | 3876 ||| IDENTIFYING yellow potion
  3877 | D:4      | 3877 ||| DROPPING potion of berserk rage.
  3901 | D:5      | Entered Level 5 of the Dungeon
  3930 | D:5      | Noticed a troll
  3931 | D:5      | 3931 ||| RETREATING.
  3944 | D:5      | HP: 10/44 [troll (6)]
  3945 | D:5      | 3945 ||| DRINKING 2 potions of heal wounds.
  3952 | D:5      | HP: 3/44 [troll (11)]
  3953 | D:5      | 3953 ||| DRINKING potion of heal wounds.
  3954 | D:5      | Killed a troll
  3954 | D:5      | Reached * piety under Okawaru
  3955 | D:5      | Reached XP level 8. HP: 9/49 MP: 8/8
  4066 | D:5      | 4066 ||| INVOKING Heroism.
  4070 | D:5      | 4070 ||| FLEEEEING.
  4071 | D:5      | 4071 ||| FLEEEEING.
  4072 | D:5      | 4072 ||| FLEEEEING.
  4075 | D:5      | 4075 ||| FLEEEEING.
  4076 | D:5      | 4076 ||| FLEEEEING.
  4077 | D:5      | 4077 ||| FLEEEEING.
  4078 | D:5      | 4078 ||| FLEEEEING.
  4079 | D:5      | 4079 ||| FLEEEEING.
  4080 | D:5      | 4080 ||| FLEEEEING.
  4086 | D:5      | 4086 ||| FLEEEEING.
  4087 | D:5      | 4087 ||| FLEEEEING.
  4088 | D:5      | 4088 ||| FLEEEEING.
  4089 | D:5      | 4089 ||| FLEEEEING.
  4090 | D:5      | 4090 ||| FLEEEEING.
  4091 | D:5      | 4091 ||| FLEEEEING.
  4092 | D:5      | 4092 ||| FLEEEEING.
  4093 | D:5      | 4093 ||| FLEEEEING.
  4094 | D:5      | 4094 ||| FLEEEEING.
  4095 | D:5      | 4095 ||| FLEEEEING.
  4100 | D:5      | 4100 ||| INVOKING Heroism.
  4106 | D:5      | Reached skill level 1 in Invocations
  4176 | D:5      | 4176 ||| INVOKING Heroism.
  4204 | D:5      | 4204 ||| Stepping ~*~*~tactically~*~*~ (outnumbered).
  4208 | D:5      | 4208 ||| INVOKING Heroism.
  4224 | D:5      | 4224 ||| FLEEEEING.
  4263 | D:5      | 4263 ||| SWAPPING to +5 orcbow of freezing.
  4264 | D:5      | 4264 ||| DROPPING +0 shortbow.
  4305 | D:5      | Reached skill level 3 in Invocations
  4414 | D:5      | 4414 ||| INVOKING Heroism.
  4481 | D:5      | 4481 ||| INVOKING Heroism.
  4486 | D:5      | Reached skill level 9 in Ranged Weapons
  4650 | D:5      | 4650 ||| UPGRADING to +0 leather armour of fire resistance.
  4660 | D:5      | 4660 ||| READING scroll labelled DOQO REUTH.
  4709 | D:6      | Noticed a wyvern
  4714 | D:6      | 4714 ||| INVOKING Heroism.
  4715 | D:6      | Killed a wyvern
  4716 | D:6      | Reached skill level 6 in Fighting
  4716 | D:6      | Reached XP level 9. HP: 39/55 MP: 8/11
  4757 | D:6      | Found a hide-covered altar of Uskayaw.
  4765 | D:6      | 4765 ||| DRINKING potion of curing.
  4765 | D:6      | 4765 ||| (to cure confusion)
  4768 | D:6      | 4768 ||| FLEEEEING.
  4769 | D:6      | 4769 ||| FLEEEEING.
  4770 | D:6      | 4770 ||| FLEEEEING.
  4771 | D:6      | 4771 ||| FLEEEEING.
  4772 | D:6      | 4772 ||| FLEEEEING.
  4773 | D:6      | 4773 ||| FLEEEEING.
  4774 | D:6      | 4774 ||| FLEEEEING.
  4775 | D:6      | 4775 ||| FLEEEEING.
  4791 | D:6      | Identified the +1 sling of Kustriv {heavy, Drain Str+5}
  5010 | D:6      | Noticed Menkaure
  5011 | D:6      | 5011 ||| INVOKING Heroism.
  5016 | D:6      | Killed Menkaure
  5224 | D:6      | 5224 ||| INVOKING Heroism.
  5244 | D:6      | 5244 ||| INVOKING Heroism.
  5337 | D:6      | 5337 ||| READING 2 scrolls labelled FODUXI REEST.
  5338 | D:6      | 5338 ||| READING scroll labelled AVESOX IDOTT.
  5339 | D:6      | 5339 ||| READING 2 scrolls of identify.
  5339 | D:6      | 5339 ||| IDENTIFYING glowing black potion
  5340 | D:6      | 5340 ||| DROPPING scroll of vulnerability.
  5384 | D:7      | 5384 ||| INVOKING Heroism.
  5387 | D:7      | Reached skill level 10 in Ranged Weapons
  5416 | D:7      | Found a transporter.
  5417 | D:7      | Noticed a two-headed ogre
  5418 | D:7      | Found a bloodstained altar of Trog.
  5418 | D:7      | Noticed a moth of wrath
  5418 | D:7      | Noticed qw's ghost (novice GrHu)
  5425 | D:7      | Found a transporter.
  5486 | D:7      | Noticed a hornet
  5487 | D:7      | Noticed Jeremiah
  5488 | D:7      | 5488 ||| RETREATING.
  5491 | D:7      | 5491 ||| Stepping ~*~*~tactically~*~*~ (outnumbered).
  5492 | D:7      | 5492 ||| Stepping ~*~*~tactically~*~*~ (retreating).
  5493 | D:7      | 5493 ||| Stepping ~*~*~tactically~*~*~ (retreating).
  5494 | D:7      | 5494 ||| Stepping ~*~*~tactically~*~*~ (retreating).
  5495 | D:7      | 5495 ||| Stepping ~*~*~tactically~*~*~ (retreating).
  5496 | D:7      | 5496 ||| Stepping ~*~*~tactically~*~*~ (retreating).
  5497 | D:7      | 5497 ||| Stepping ~*~*~tactically~*~*~ (retreating).
  5498 | D:7      | 5498 ||| Stepping ~*~*~tactically~*~*~ (retreating).
  5499 | D:7      | 5499 ||| Stepping ~*~*~tactically~*~*~ (retreating).
  5500 | D:7      | 5500 ||| Stepping ~*~*~tactically~*~*~ (retreating).
  5501 | D:7      | 5501 ||| INVOKING Heroism.
  5504 | D:7      | Reached skill level 3 in Dodging
  5508 | D:7      | HP: 9/56 [orc warrior/+0 halberd (7)]
  5509 | D:7      | 5509 ||| READING scroll of teleportation.
  5509 | D:7      | Killed from afar by Jeremiah

Levels and vault maps discovered:
D:1:      dpeg_arrival_circle_labyrinth_b, layout_basic, serial_shops, shop
D:2:      layout_loops_corners, uniq_natasha, uniq_crazy_yiuf_cottage
D:3:      layout_basic, ebering_ghost_sewer_f, minivault_23, st_stairs_10,
          uniq_terence
D:4:      layout_rooms, minmay_temple_entry_statues_pillars,
          dreamdust_wishing_well, uniq_grinder
D:5:      layout_basic, glass_columns_b
D:6:      layout_gridville, eat_drink_and_be_merry_uskayaw,
          kennysheep_generic_room_4, uniq_menkaure
D:7:      layout_basic, mainiacjoe_overflow_catwalk,
          gammafunk_ghost_wrathful_warriors, uniq_jeremiah
Temple:   nicolae_temple_ecumenical_triangle

Skill      XL: |  1  2  3  4  5  6  7  8  9 |
---------------+----------------------------+-----
Ranged Weapons | 5 6 8 9 10 | 10.1
Armour         | 1 4 |  4.1
Fighting       | 3 4 5 6 |  6.6
Dodging        | 2 3 |  3.1
Invocations    | 3 4 |  4.0
Stealth        | |  1.1

Action                     |  1- 3 |  4- 6 |  7- 9 || total
---------------------------+-------+-------+-------++-------
   Fire: Shortbow          |   127 |   272 |   148 ||   547
         Orcbow            |       |       |   102 ||   102
 Invoke: Heroism           |       |       |    12 ||    12
    Use: Potion            |     2 |     2 |     3 ||     7
         Scroll            |     1 |     5 |     6 ||    12
 Armour: Leather armour    |    35 |       |    58 ||    93
         Ring mail         |    16 |   257 |   104 ||   377
  Dodge: Dodged            |    64 |   145 |   120 ||   329

Table legend:
 A = Non-vault XP
 B = Vault XP
 C = Vault XP percentage of total XP
 D = Non-vault monster count
 E = Vault monster count
 F = Vault count percentage of total count
                 A         B        C        D         E       F
            +---------+---------+-------+---------+---------+-------
      Total |    3042 |     582 |  16.1 |     132 |       8 |   5.7
            +---------+---------+-------+---------+---------+-------
        D:1 |      41 |       0 |   0.0 |      26 |       0 |   0.0
        D:2 |     112 |      35 |  23.8 |      18 |       1 |   5.3
        D:3 |     263 |      36 |  12.0 |      27 |       4 |  12.9
        D:4 |     207 |     286 |  58.0 |      17 |       1 |   5.6
        D:5 |    1302 |       0 |   0.0 |      18 |       0 |   0.0
        D:6 |     551 |     225 |  29.0 |      13 |       2 |  13.3
        D:7 |     566 |       0 |   0.0 |      13 |       0 |   0.0
            +---------+---------+-------+---------+---------+-------
